[Event "January 2 Late 2024"]
[Site "https://www.chess.com"]
[Date "2024.01.02"]
[Round "5"]
[White "Coca Cubillos, Jesus Alberto"]
[Black "Pakleza, Zbigniew"]
[Result "0-1"]
[Board "52"]
[TimeControl "180+1"]
[WhiteFideId "4462912"]
[BlackFideId "1119290"]
[WhiteElo "2621"]
[BlackElo "2810"]
[WhiteTeam "COL"]
[BlackTeam "POL"]
[WhiteClock "0:00:06"]
[BlackClock "0:01:08"]

1. f4 d5 2. Nf3 Nf6 3. e3 Bf5 4. d4 e6 5. c3 c5 6. Bd3 Nc6 7. O-O Bg6 8. Qe2 Be7 9. Nbd2 O-O 10. Ne5 Bxd3 11. Qxd3 Rc8 12. Rf3 g6 13. h3 a6 14. g4 b5 15. Kg2 Ne8 16. Rf2 Nd6 17. g5 cxd4 18. exd4 Nf5 19. Ndf3 Qc7 20. a3 Na5 21. h4 Bd6 22. h5 Nc4 23. Kh3 Kg7 24. Rh2 Rh8 25. Kg4 h6 26. b3 Nb6 27. Nh4 Qxc3 28. Qxc3 Rxc3 29. hxg6 Rg3+ 0-1

[Event "January 2 Late 2024"]
[Site "https://www.chess.com"]
[Date "2024.01.02"]
[Round "5"]
[White "Panchenko, Dmitry"]
[Black "Matta, Nicholas"]
[Result "1-0"]
[Board "53"]
[TimeControl "180+1"]
[WhiteFideId "4169158"]
[BlackFideId "30914523"]
[WhiteElo "2810"]
[BlackElo "2565"]
[WhiteTeam "RUS"]
[BlackTeam "USA"]
[WhiteClock "0:01:19"]
[BlackClock "0:00:03"]

1. e4 c5 2. Nf3 Nf6 3. Nc3 d5 4. exd5 Nxd5 5. Bb5+ Bd7 6. Ne5 Bxb5 7. Qf3 f6 8. Nxb5 Na6 9. c4 Ndb4 10. Qh5+ g6 11. Nxg6 hxg6 12. Qxh8 Nc2+ 13. Ke2 Nxa1 14. d4 Nc2 15. Bh6 Kd7 16. dxc5 Kc6 17. Rd1 Qc8 18. Kf1 Qg4 19. Nc3 Qxc4+ 20. Kg1 Bxh6 21. Qxa8 Nc7 22. Qd8 Qe6 23. a4 a6 24. Qh8 Bd2 25. Qd8 Bxc3 26. bxc3 Na3 27. Qd4 Nc4 28. h3 Ne5 29. Rb1 Nd5 30. c4 Nc3 31. Qxc3 Qxc4 32. Qb2 Kxc5 33. Rc1 Qxc1+ 34. Qxc1+ Kb4 35. Qc7 Kxa4 36. Qxb7 a5 37. Qxe7 Kb3 38. Qxf6 Nc4 39. Qxg6 a4 40. Qd3+ Kb4 41. Qb1+ Kc5 1-0

[Event "January 2 Late 2024"]
[Site "https://www.chess.com"]
[Date "2024.01.02"]
[Round "5"]
[White "Asish Panda"]
[Black "Lagarde, Maxime"]
[Result "0-1"]
[Board "54"]
[TimeControl "180+1"]
[WhiteFideId "45012458"]
[BlackFideId "662399"]
[WhiteElo "2552"]
[BlackElo "2795"]
[WhiteTeam "IND"]
[BlackTeam "FRA"]
[WhiteClock "0:00:22"]
[BlackClock "0:01:18"]

1. e4 c6 2. c4 d5 3. cxd5 cxd5 4. exd5 Nf6 5. Nc3 g6 6. Nf3 Bg7 7. d4 O-O 8. Bc4 a6 9. O-O b5 10. Bb3 Bb7 11. Re1 Nbd7 12. Bf4 Nb6 13. d6 exd6 14. Rc1 Rc8 15. Ng5 Nc4 16. Bxc4 Rxc4 17. Be3 Qd7 18. h3 Rfc8 19. a3 h6 20. Nf3 Nd5 21. Nxd5 Bxd5 22. Rxc4 Rxc4 23. Nd2 Rc8 24. f3 Qf5 25. Bf2 Qc2 26. Re8+ Kh7 27. Qxc2 Rxc2 28. Ne4 Rxb2 29. Nxd6 Ra2 30. Re7 Bf8 31. Rd7 Be6 32. Rd8 Be7 33. Nxf7 Bxd8 34. Nxd8 Bd5 35. Be3 Rxa3 36. Kf2 b4 37. Bc1 Rc3 38. Bd2 Rc2 39. Ke3 b3 40. Kd3 Rc8 0-1

[Event "January 2 Late 2024"]
[Site "https://www.chess.com"]
[Date "2024.01.02"]
[Round "5"]
[White "Przybylski, Wojciech"]
[Black "Krzyzanowski, Marcin"]
[Result "0-1"]
[Board "55"]
[TimeControl "180+1"]
[WhiteFideId "1117599"]
[BlackFideId "1132199"]
[WhiteElo "2546"]
[BlackElo "2785"]
[WhiteTeam "POL"]
[BlackTeam "POL"]
[WhiteClock "0:00:00"]
[BlackClock "0:00:40"]

1. e4 c6 2. d4 d5 3. e5 Bf5 4. c4 e6 5. Nc3 Bb4 6. Ne2 Ne7 7. a3 Ba5 8. b4 Bc7 9. c5 f6 10. f4 fxe5 11. dxe5 O-O 12. Nd4 Nd7 13. Be2 b6 14. cxb6 axb6 15. O-O c5 16. bxc5 bxc5 17. Ndb5 d4 18. Nxc7 Qxc7 19. Nb5 Qc6 20. Nd6 Nd5 21. Nxf5 Rxf5 22. Bf3 N7b6 23. Be4 Rf7 24. Rf3 g6 25. Kh1 Qa4 26. Qe1 Raf8 27. g3 Nc3 28. Rxc3 dxc3 29. Rb1 Rd7 30. Bf3 Rfd8 31. Be3 Nc4 32. Qxc3 Rd3 33. Qc1 Nxe3 34. h4 Rd1+ 35. Bxd1 Rxd1+ 36. Kh2 Rxc1 37. Rxc1 Qxa3 0-1

[Event "January 2 Late 2024"]
[Site "https://www.chess.com"]
[Date "2024.01.02"]
[Round "5"]
[White "Goltsev, Dmitry"]
[Black "Ferreira, Vitor Hugo Vieira"]
[Result "0-1"]
[Board "56"]
[TimeControl "180+1"]
[WhiteFideId "24176710"]
[BlackFideId "2119765"]
[WhiteElo "2778"]
[BlackElo "2533"]
[WhiteTeam "RUS"]
[BlackTeam "BRA"]
[WhiteClock "0:00:15"]
[BlackClock "0:00:35"]

1. e4 c5 2. Nf3 d6 3. d4 cxd4 4. Nxd4 Nf6 5. Nc3 a6 6. Be2 e5 7. Nf5 d5 8. Bg5 d4 9. Bxf6 gxf6 10. Nb1 Qb6 11. Nd2 Be6 12. O-O Nc6 13. Nc4 Qc7 14. a4 O-O-O 15. a5 Bc5 16. Qd2 d3 17. Nb6+ Bxb6 18. axb6 dxe2 19. Qxe2 Qxb6 20. Ne3 Nd4 21. Qh5 Rhg8 22. c3 Nb3 23. Rad1 Nd2 24. Rfe1 Nxe4 25. Qxh7 Ng5 26. Qh6 Nf3+ 27. Kh1 Rh8 28. Qxh8 Rxh8 29. gxf3 Qxb2 30. Kg2 Bh3+ 31. Kg3 Rg8+ 32. Ng4 Bxg4 33. fxg4 f5 34. f3 f4+ 35. Kh3 Rh8# 0-1

[Event "January 2 Late 2024"]
[Site "https://www.chess.com"]
[Date "2024.01.02"]
[Round "5"]
[White "Timmermans, Mark"]
[Black "Estrada Nieto, Julian"]
[Result "1-0"]
[Board "57"]
[TimeControl "180+1"]
[WhiteFideId "1026399"]
[BlackFideId "5101018"]
[WhiteElo "2773"]
[BlackElo "2530"]
[WhiteTeam "NED"]
[BlackTeam "ESP"]
[WhiteClock "0:00:23"]
[BlackClock "0:00:08"]

1. b4 e5 2. Bb2 Bxb4 3. Bxe5 Nf6 4. Nc3 Nc6 5. Bxf6 Qxf6 6. Nd5 Qd8 7. Nf3 O-O 8. e3 Re8 9. Be2 Bf8 10. O-O d6 11. d4 Ne7 12. Nf4 Ng6 13. Nxg6 hxg6 14. c4 d5 15. Qb3 Be6 16. Qxb7 dxc4 17. Rac1 Bd5 18. Qa6 Rb8 19. Ne1 Rb6 20. Qxa7 Bd6 21. Bxc4 Rc6 22. Qa4 Qh4 23. g3 Qe7 24. Ng2 Rxc4 25. Rxc4 Rb8 26. f3 Rb2 27. Rc2 Rxc2 28. Qxc2 Bb7 29. a4 Qe6 30. e4 c5 31. d5 Qe7 32. Rb1 Be5 33. Kh1 Bd4 34. Nf4 Ba6 35. Rb6 Bc8 36. Rb8 Qc7 37. Qb1 Be5 38. Nd3 Qxb8 39. Qxb8 Bxb8 40. Nxc5 Kf8 41. f4 Ke8 42. e5 Bc7 43. Kg2 Bb6 44. Ne4 Bb7 45. Nd6+ Kd7 46. Nxb7 Kc7 47. Nd6 f6 48. Ne8+ Kd7 49. Nxg7 fxe5 50. fxe5 Bd4 51. e6+ Ke7 52. a5 Bxg7 53. a6 Bd4 54. Kf3 Kd6 55. Kg4 Bb6 56. Kg5 Bc5 57. Kxg6 Kxd5 58. Kf7 Kc6 59. e7 Bxe7 60. Kxe7 Kb6 61. g4 Kxa6 62. g5 Kb5 63. g6 Kc4 64. g7 Kd3 65. g8=Q Ke2 66. Qg2+ Ke3 67. Qg3+ Ke4 68. Ke6 Kd4 69. Qf4+ Kd3 70. h4 Kc3 71. Qe4 Kb3 72. Qd4 Ka2 73. Qb4 Ka1 74. Kd5 Ka2 75. Kc4 Ka1 76. Kc3 1-0

[Event "January 2 Late 2024"]
[Site "https://www.chess.com"]
[Date "2024.01.02"]
[Round "5"]
[White "Song, Ethan"]
[Black "Delorme, Axel"]
[Result "1-0"]
[Board "58"]
[TimeControl "180+1"]
[WhiteFideId "62900412"]
[BlackFideId "632023"]
[WhiteElo "2760"]
[BlackElo "2491"]
[WhiteTeam "CAN"]
[BlackTeam "FRA"]
[WhiteClock "0:00:49"]
[BlackClock "0:00:14"]

1. e4 c5 2. Nf3 d6 3. d4 cxd4 4. Nxd4 Nf6 5. Nc3 a6 6. f3 e5 7. Nb3 Be6 8. Be3 Be7 9. g4 b5 10. Qd2 O-O 11. O-O-O Nbd7 12. h4 b4 13. Ne2 a5 14. Kb1 Nb6 15. Ng3 a4 16. Nc1 b3 17. cxb3 axb3 18. a3 Nc4 19. Bxc4 Bxc4 20. g5 Nd7 21. Nf5 Ra6 22. h5 Re8 23. Rhg1 g6 24. hxg6 fxg6 25. Nh6+ Kg7 26. f4 exf4 27. Bxf4 Ne5 28. Qc3 Qc7 29. Nxb3 Rc6 30. Ka1 Be2 31. Qd4 Bxd1 32. Rxd1 Bf8 33. Ng4 Qf7 34. Bxe5+ dxe5 35. Nxe5 Qxb3 36. Nxc6+ Kg8 37. Qd5+ Qxd5 38. exd5 Bd6 39. b4 Re2 40. b5 Bxa3 41. d6 Bxd6 42. Rxd6 Rg2 43. b6 Rxg5 44. b7 Rb5 45. b8=R+ Rxb8 46. Nxb8 h5 47. Rxg6+ 1-0

[Event "January 2 Late 2024"]
[Site "https://www.chess.com"]
[Date "2024.01.02"]
[Round "5"]
[White "Bochnicka, Vladimir"]
[Black "Lie, Kjetil A."]
[Result "0-1"]
[Board "59"]
[TimeControl "180+1"]
[WhiteFideId "14943450"]
[BlackFideId "1501984"]
[WhiteElo "2489"]
[BlackElo "2754"]
[WhiteTeam "SVK"]
[BlackTeam "NOR"]
[WhiteClock "0:00:00"]
[BlackClock "0:00:14"]

1. e4 c5 2. Nf3 e6 3. g3 Nc6 4. Bg2 Qc7 5. O-O a6 6. c3 Nf6 7. Re1 d5 8. exd5 Nxd5 9. d4 cxd4 10. Nxd4 Be7 11. Bxd5 exd5 12. Bf4 Qd8 13. Bg5 f6 14. Bf4 Nxd4 15. Qxd4 O-O 16. Nd2 b6 17. Rad1 Bc5 18. Qd3 Bg4 19. Nf3 Qd7 20. Kg2 Rad8 21. Rd2 Bh3+ 22. Kg1 Bf5 23. Qf1 Rfe8 24. b4 Bf8 25. Nd4 Be4 26. f3 Bg6 27. Rxe8 Rxe8 28. Qxa6 Bh5 29. Kg2 g5 30. g4 Bxg4 31. Bg3 Bh3+ 32. Kf2 f5 33. f4 Bd6 34. Qb5 Qf7 35. Qxb6 Bc7 36. Qc6 gxf4 37. Bh4 Qh5 38. Qf6 Be5 39. Ne6 Bxf6 0-1

[Event "January 2 Late 2024"]
[Site "https://www.chess.com"]
[Date "2024.01.02"]
[Round "5"]
[White "Toktomushev, Teimur"]
[Black "Tristan, Leonardo"]
[Result "0-1"]
[Board "60"]
[TimeControl "180+1"]
[WhiteFideId "14176726"]
[BlackFideId "113816"]
[WhiteElo "2473"]
[BlackElo "2750"]
[WhiteTeam "UKR"]
[BlackTeam "ARG"]
[WhiteClock "0:00:00"]
[BlackClock "0:00:03"]

1. d4 d5 2. c4 e6 3. Nc3 a6 4. cxd5 exd5 5. Bf4 Nf6 6. Nf3 Bd6 7. Bg5 Be6 8. e3 Nbd7 9. Bd3 c6 10. O-O Qc7 11. Ne2 Ne4 12. Bf4 Ndf6 13. Bxd6 Nxd6 14. Ne5 Bf5 15. f3 Bxd3 16. Nxd3 O-O 17. Ng3 Rfe8 18. Re1 Re7 19. Qd2 Nc4 20. Qf2 Rae8 21. Nf5 Rd7 22. b3 Nd6 23. Nxd6 Qxd6 24. Nc5 Rde7 25. Re2 b6 26. Nd3 c5 27. Ne5 Kf8 28. h3 Ng8 29. Rd1 f6 30. Ng4 h5 31. Nh2 Nh6 32. Nf1 Nf5 33. dxc5 bxc5 34. Red2 d4 35. e4 Nh6 36. Qh4 g6 37. Ne3 Kg7 38. Nd5 Re5 39. Rc2 f5 40. Nf4 fxe4 41. fxe4 Rxe4 42. Rf1 Qe5 43. Rcf2 d3 44. Qg3 Re3 45. Nxh5+ Qxh5 46. Qc7+ R8e7 47. Qd8 Nf5 0-1

[Event "January 2 Late 2024"]
[Site "https://www.chess.com"]
[Date "2024.01.02"]
[Round "5"]
[White "Flores, Diego"]
[Black "Sukandar, Irine Kharisma"]
[Result "1/2-1/2"]
[Board "61"]
[TimeControl "180+1"]
[WhiteFideId "108049"]
[BlackFideId "7101937"]
[WhiteElo "2748"]
[BlackElo "2469"]
[WhiteTeam "ARG"]
[BlackTeam "INA"]
[WhiteClock "0:00:07"]
[BlackClock "0:00:09"]

1. c4 c5 2. Nc3 Nf6 3. g3 d5 4. cxd5 Nxd5 5. Bg2 Nc7 6. Nf3 Nc6 7. a3 Rb8 8. Rb1 Bf5 9. d3 g6 10. b4 Bg7 11. Bd2 cxb4 12. axb4 O-O 13. O-O a6 14. b5 axb5 15. Nxb5 Nxb5 16. Rxb5 Qd7 17. Qb3 Bg4 18. Be3 Be6 19. Qb1 Bh3 20. Bxh3 Qxh3 21. Rxb7 Ra8 22. Rc1 Rfc8 23. Qb5 h6 24. Ne1 Ne5 25. Rxc8+ Rxc8 26. f3 Kh7 27. Rxe7 Qh5 28. g4 Nxf3+ 29. Nxf3 Qxb5 30. Rxf7 Qe8 31. Rxg7+ Kxg7 32. Kf2 Rd8 33. h3 Rd7 34. Bf4 g5 35. Be5+ Kh7 36. d4 Rf7 37. Kg3 Qb5 38. Kf2 Qd5 39. Ke3 Rb7 40. h4 Rb3+ 41. Kf2 Qe4 42. hxg5 Qxe2+ 43. Kxe2 hxg5 44. Nxg5+ Kg6 45. Nf3 Ra3 46. Kf2 Rd3 47. Kg3 Rd1 48. Kf4 Rd3 49. Nh4+ Kf7 50. g5 Rd1 51. g6+ Kg8 52. Nf3 Rd3 53. Ke4 Rd1 54. d5 Kf8 55. Nd4 Rg1 56. Kf5 Ke8 57. d6 Kd7 58. g7 Rxg7 59. Bxg7 Kxd6 60. Be5+ Kd5 61. Ne6 Kc6 62. Ke4 Kb5 63. Kd5 Kb4 64. Nc5 Kb5 65. Nd3 Kb6 66. Bd4+ Kb5 67. Bc5 Ka6 68. Kc6 Ka5 69. Nb2 Ka6 70. Nc4 1/2-1/2

[Event "January 2 Late 2024"]
[Site "https://www.chess.com"]
[Date "2024.01.02"]
[Round "5"]
[White "Osmonbekov, Talaibek"]
[Black "Ibarra Jerez, Jose Carlos"]
[Result "0-1"]
[Board "62"]
[TimeControl "180+1"]
[WhiteFideId "2017253"]
[BlackFideId "2226332"]
[WhiteElo "2320"]
[BlackElo "2888"]
[WhiteTeam "USA"]
[BlackTeam "ESP"]
[WhiteClock "0:00:13"]
[BlackClock "0:01:11"]

1. d4 Nf6 2. Nc3 d6 3. Bf4 Nbd7 4. Nf3 Nh5 5. Bd2 e5 6. e4 g6 7. Bc4 Bg7 8. dxe5 dxe5 9. Bg5 Bf6 10. Bh6 c6 11. a4 a5 12. O-O Qe7 13. Qd2 Ng7 14. Ng5 O-O 15. Rad1 Nb6 16. Bb3 Bg4 17. f3 Bc8 18. Qe3 Nd7 19. h4 Nc5 20. Ba2 Nce6 21. Rd2 Re8 22. Rfd1 Nh5 23. Rd6 Nxg5 24. Bxg5 Bxg5 25. hxg5 Nf4 26. g3 Qxg5 27. Kf2 Nh3+ 28. Ke2 Qxg3 29. Rd8 Nf4+ 30. Kf1 Bh3# 0-1

[Event "January 2 Late 2024"]
[Site "https://www.chess.com"]
[Date "2024.01.02"]
[Round "5"]
[White "Brodsky, David"]
[Black "Luo, Terry"]
[Result "1/2-1/2"]
[Board "63"]
[TimeControl "180+1"]
[WhiteFideId "2073250"]
[BlackFideId "30931045"]
[WhiteElo "2884"]
[BlackElo "2609"]
[WhiteTeam "USA"]
[BlackTeam "USA"]
[WhiteClock "0:00:13"]
[BlackClock "0:00:30"]

1. e4 e5 2. Nf3 Nc6 3. Bb5 a6 4. Ba4 Nge7 5. Nc3 Ng6 6. d4 exd4 7. Nxd4 Bc5 8. Nxc6 dxc6 9. Qxd8+ Kxd8 10. Ke2 Ke7 11. Be3 Bxe3 12. Kxe3 Be6 13. Bb3 Ne5 14. f4 Ng4+ 15. Kf3 Bxb3 16. axb3 h5 17. h3 Nf6 18. g4 hxg4+ 19. hxg4 Rad8 20. g5 Nd7 21. Ne2 Nc5 22. Ke3 Ne6 23. Ng3 g6 24. Rxh8 Rxh8 25. Rh1 Rxh1 26. Nxh1 c5 27. c3 b5 28. Nf2 b4 29. cxb4 cxb4 30. Nd3 c5 31. f5 Nxg5 32. Nxc5 gxf5 33. exf5 Kf6 34. Nxa6 Kxf5 35. Nxb4 Ke5 36. Nd3+ Kd5 37. Kf4 Ne6+ 38. Kf5 Nd4+ 39. Kf6 Nxb3 40. Kxf7 Kc4 41. Nf4 Nd4 42. Ne6 Nxe6 43. Kxe6 Kb3 44. Kd5 Kxb2 1/2-1/2

[Event "January 2 Late 2024"]
[Site "https://www.chess.com"]
[Date "2024.01.02"]
[Round "5"]
[White "Melian, Juan Sebastian"]
[Black "Remizov, Yaroslav"]
[Result "1/2-1/2"]
[Board "64"]
[TimeControl "180+1"]
[WhiteFideId "3706575"]
[BlackFideId "34134015"]
[WhiteElo "2601"]
[BlackElo "2838"]
[WhiteTeam "PAR"]
[BlackTeam "RUS"]
[WhiteClock "0:00:07"]
[BlackClock "0:00:03"]

1. d4 Nf6 2. Nf3 e6 3. c4 c5 4. d5 b5 5. Qc2 exd5 6. cxd5 c4 7. e4 Bb4+ 8. Bd2 Bxd2+ 9. Nbxd2 O-O 10. a4 Qa5 11. Be2 d6 12. O-O bxa4 13. Rxa4 Qd8 14. Nxc4 Bg4 15. Nd4 Bxe2 16. Qxe2 Re8 17. f3 Nxd5 18. Qd2 Nb6 19. Nxb6 Qxb6 20. Rc1 Nd7 21. Rc6 Qb7 22. Rb4 Nb6 23. Rxd6 Qc7 24. Rc6 Qe5 25. Rb5 Qe7 26. Nf5 Qd7 27. Qxd7 Nxd7 28. Rb7 Ne5 29. Rcc7 Reb8 30. Rxa7 Rxa7 31. Rxa7 g6 32. Ne7+ Kf8 33. Nd5 Rxb2 34. h4 Nd3 35. h5 Kg7 36. hxg6 hxg6 37. Ra3 Ne1 38. Nf4 g5 39. Nh5+ Kg6 40. Ng3 Rxg2+ 41. Kf1 Rxg3 42. Kxe1 Rg2 43. Kf1 Rb2 44. Ra7 f6 45. Ra6 Rc2 46. Kg1 Kg7 47. Kf1 Kf7 48. Kg1 Ke7 49. Kf1 Rb2 50. Ke1 Rh2 51. Kf1 Rc2 52. Kg1 Kf7 53. Kf1 Kg6 54. Kg1 Kg7 55. Kf1 Rb2 56. Ke1 Kf7 57. Kf1 Rc2 58. Ke1 g4 59. fxg4 Rg2 60. Kf1 Rxg4 61. Ra4 Rg3 62. Kf2 Rb3 63. Ra6 Rc3 64. Ke2 Kg7 65. Kd2 Rh3 66. Ra7+ Kg6 67. Ra6 Kg5 68. Ra5+ Kg6 69. Ke2 Rb3 70. Ra6 Kg5 71. Ra5+ Kg4 72. Kf2 Rb4 73. Ke3 Rb3+ 74. Kd4 Rb4+ 75. Ke3 Rb3+ 76. Kd4 Rb4+ 77. Ke3 1/2-1/2

[Event "January 2 Late 2024"]
[Site "https://www.chess.com"]
[Date "2024.01.02"]
[Round "5"]
[White "Korchynskyi, Mykola"]
[Black "Lobanov, Sergei"]
[Result "0-1"]
[Board "65"]
[TimeControl "180+1"]
[WhiteFideId "34138005"]
[BlackFideId "24183750"]
[WhiteElo "2583"]
[BlackElo "2833"]
[WhiteTeam "UKR"]
[BlackTeam "FID"]
[WhiteClock "0:00:04"]
[BlackClock "0:00:08"]

1. d4 Nf6 2. c4 e6 3. Nc3 d5 4. Bg5 Be7 5. cxd5 exd5 6. e3 h6 7. Bh4 O-O 8. Nf3 c6 9. Qc2 Re8 10. Bd3 Ne4 11. Bxe7 Qxe7 12. O-O Nd7 13. Rfe1 h5 14. Nd2 Ndf6 15. f3 Nxd2 16. Qxd2 Be6 17. Bc2 Rad8 18. a3 g6 19. b4 Qd6 20. Rac1 h4 21. Ne2 Nh5 22. Bb1 Bc8 23. Nf4 Nxf4 24. exf4 Kg7 25. Re5 f6 26. Ree1 Kf7 27. f5 g5 28. Bd3 Rxe1+ 29. Rxe1 Re8 30. Rxe8 Kxe8 31. Qe2+ Kf7 32. h3 Qf4 33. Qf2 Qc1+ 34. Kh2 Qxa3 35. Qe2 Qxb4 36. f4 Qd6 37. Qh5+ Ke7 38. Qh7+ Kd8 39. Qg8+ Kc7 40. Kh1 gxf4 41. Qh7+ Bd7 42. Qxh4 a5 43. Qe1 a4 44. Qa5+ Kb8 45. Qd8+ Ka7 46. Qa5+ Kb8 47. Qxa4 Qe7 48. Qd1 Qe3 49. Be2 Qg3 50. Bg4 Qe3 51. h4 Qg3 52. h5 Qh4+ 53. Kg1 Qg3 54. Bh3 Qg5 55. Qe2 Kc7 56. Qe7 f3 57. Qe1 fxg2 58. Bxg2 Qxh5 59. Qg3+ Kc8 60. Qg8+ Qe8 61. Qg3 Qe7 62. Qg8+ Kc7 63. Qg3+ Qd6 64. Qg7 c5 65. dxc5 Qxc5+ 66. Kh2 Qd6+ 67. Kg1 Qe5 68. Bh3 Qe3+ 69. Kh2 Qf4+ 70. Kh1 Qe4+ 71. Kh2 Qe5+ 72. Kh1 d4 73. Qf7 Qe4+ 74. Kh2 Qe5+ 75. Kg1 Kd6 76. Qf8+ Qe7 77. Qh6 Qe3+ 78. Qxe3 dxe3 79. Kf1 Ke5 80. Ke2 Kd4 81. Bg2 Bc6 82. Bh3 Bb5+ 83. Ke1 Ke5 84. Bg2 Bc6 85. Bh3 Kf4 86. Bf1 b5 87. Bd3 b4 88. Ke2 Be4 89. Bc4 Bxf5 0-1

[Event "January 2 Late 2024"]
[Site "https://www.chess.com"]
[Date "2024.01.02"]
[Round "5"]
[White "Lund, Gunnar"]
[Black "Subelj, Jan"]
[Result "1-0"]
[Board "66"]
[TimeControl "180+1"]
[WhiteFideId "1520814"]
[BlackFideId "14618583"]
[WhiteElo "2578"]
[BlackElo "2741"]
[WhiteTeam "NOR"]
[BlackTeam "SLO"]
[WhiteClock "0:00:08"]
[BlackClock "0:00:08"]

1. d4 d5 2. Bf4 c5 3. e3 Nc6 4. c3 Nf6 5. Nd2 cxd4 6. exd4 Bf5 7. Qb3 Qc8 8. Ngf3 e6 9. Be2 h6 10. h3 Be7 11. O-O O-O 12. a4 Qd7 13. a5 Ne8 14. a6 b6 15. Bb5 Qc8 16. Qa4 Nb8 17. Ne5 Nd6 18. Nc6 Nxc6 19. Bxc6 Rb8 20. Bb5 Rd8 21. Rfc1 Bg5 22. Bxg5 hxg5 23. Be2 b5 24. Qb4 Qd7 25. Nb3 Ne4 26. Ra5 Nd6 27. Nc5 Qc6 28. Rca1 Nc4 29. R5a2 Rb6 30. b3 Nd6 31. Nb7 Nxb7 32. axb7 Rxb7 33. Rxa7 Rxa7 34. Rxa7 Rb8 35. Qc5 Qe8 36. Re7 Qf8 37. Rc7 Qe8 38. Kh2 Kh7 39. Re7 Qf8 40. Qc7 Rc8 41. Qa7 Bg6 42. Bxb5 Rxc3 43. Be8 f6 44. Bxg6+ Kxg6 45. Rxe6 Rxb3 46. Qd7 Qb8+ 47. g3 Rb2 48. Kg2 Rd2 49. Re7 Qf8 50. Re8 Qf7 51. Re7 Qg8 52. Re8 Qf7 53. Re7 Qf8 54. g4 Rxd4 55. Re8 Qf7 56. Re7 Qf8 57. Re8 Qxe8 58. Qxe8+ Kh6 59. Qh8+ Kg6 60. Qh5# 1-0

[Event "January 2 Late 2024"]
[Site "https://www.chess.com"]
[Date "2024.01.02"]
[Round "5"]
[White "Rastbod, Ali"]
[Black "Cervantes Landeiro, Thalia"]
[Result "1-0"]
[Board "67"]
[TimeControl "180+1"]
[WhiteFideId "12567477"]
[BlackFideId "3520498"]
[WhiteElo "2718"]
[BlackElo "2574"]
[WhiteTeam "IRI"]
[BlackTeam "USA"]
[WhiteClock "0:00:20"]
[BlackClock "0:00:01"]

1. e4 c5 2. Nc3 d6 3. g3 Nc6 4. Bg2 g6 5. d3 Bg7 6. Be3 e6 7. Qd2 Nge7 8. Bh6 Bxh6 9. Qxh6 Ng8 10. Qe3 Nf6 11. f4 O-O 12. Nf3 Rb8 13. a4 b6 14. O-O d5 15. Qe2 d4 16. Nd1 Bb7 17. e5 Nd5 18. Ng5 Nce7 19. g4 Nb4 20. Bxb7 Rxb7 21. Ne4 Nbd5 22. c4 dxc3 23. bxc3 Kg7 24. Kg2 Rd7 25. Rf3 f5 26. exf6+ Nxf6 27. Ng5 Rd6 28. Nxe6+ Rxe6 29. Qxe6 Nfd5 30. Qe5+ Kg8 31. Ne3 Nf6 32. Nc4 Qd7 33. h3 Nc6 34. Qe1 Re8 35. Re3 Rf8 36. Kg3 Nd5 37. Rf3 Qc7 38. Ne5 Nf6 39. Qe2 Nd5 40. Re1 Nce7 41. c4 Nb4 42. Kg2 Nec6 43. Nxc6 Qxc6 44. Qe4 Qc7 45. Qe6+ Kh8 46. Qe5+ Qxe5 47. fxe5 Rd8 48. e6 Nxd3 49. Rxd3 Rxd3 50. e7 1-0

[Event "January 2 Late 2024"]
[Site "https://www.chess.com"]
[Date "2024.01.02"]
[Round "5"]
[White "Tabuenca Mendataurigoitia, Daniel"]
[Black "Bardyk, Artem"]
[Result "0-1"]
[Board "68"]
[TimeControl "180+1"]
[WhiteFideId "24563617"]
[BlackFideId "34349979"]
[WhiteElo "2532"]
[BlackElo "2717"]
[WhiteTeam "ESP"]
[BlackTeam "RUS"]
[WhiteClock "0:00:00"]
[BlackClock "0:00:48"]

1. Nf3 d5 2. g3 Nc6 3. d4 Bf5 4. c4 e6 5. cxd5 exd5 6. a3 Nf6 7. Nc3 Be7 8. Bg2 O-O 9. O-O Ne4 10. Qb3 Rb8 11. Nxd5 Be6 12. Nxe7+ Nxe7 13. Qc2 Bd5 14. Ne5 Nf6 15. e4 Be6 16. d5 Bc8 17. Bg5 Re8 18. Bxf6 gxf6 19. Nd3 Ng6 20. Rac1 c6 21. Nb4 cxd5 22. Nxd5 Be6 23. Rfd1 Bxd5 24. Rxd5 Qb6 25. b4 Kg7 26. h4 Rbc8 27. Qxc8 Rxc8 28. Rxc8 Ne7 29. Rcd8 Nxd5 30. Rxd5 Qc7 31. Bh3 Qc1+ 32. Kg2 Qxa3 33. b5 Qb4 34. Bf5 a5 35. bxa6 bxa6 36. h5 a5 37. Rd7 Qc4 38. Ra7 a4 39. g4 Qb3 40. f3 a3 41. Kg3 Qb8+ 0-1

[Event "January 2 Late 2024"]
[Site "https://www.chess.com"]
[Date "2024.01.02"]
[Round "5"]
[White "Makridis, Dimitrios"]
[Black "Tifferet, Shakked"]
[Result "1-0"]
[Board "69"]
[TimeControl "180+1"]
[WhiteFideId "25864475"]
[BlackFideId "2811529"]
[WhiteElo "2713"]
[BlackElo "2516"]
[WhiteTeam "GRE"]
[BlackTeam "ISR"]
[WhiteClock "0:00:53"]
[BlackClock "0:00:11"]

1. e4 c5 2. Nf3 e6 3. d4 cxd4 4. Nxd4 Nc6 5. Nc3 a6 6. g3 Nge7 7. Bg2 Nxd4 8. Qxd4 Nc6 9. Qe3 b5 10. O-O Bb7 11. Nd5 Rc8 12. Re1 d6 13. a4 exd5 14. exd5+ Ne7 15. axb5 axb5 16. Ra7 Rc7 17. Qb6 Qc8 18. Qxd6 Rd7 19. Qe5 f6 20. Qe6 Kd8 21. d6 Bxg2 22. dxe7+ Bxe7 23. Rxd7+ Qxd7 24. Qb6+ Kc8 25. Kxg2 Qd5+ 26. Kg1 Bc5 27. Qa6+ Qb7 28. Qe6+ Qd7 29. Qe4 Qb7 30. Qf5+ Kb8 31. Qxc5 Rc8 32. Bf4+ 1-0

[Event "January 2 Late 2024"]
[Site "https://www.chess.com"]
[Date "2024.01.02"]
[Round "5"]
[White "Leenhouts, Koen"]
[Black "Syaputra, Arifa Rizki"]
[Result "0-1"]
[Board "70"]
[TimeControl "180+1"]
[WhiteFideId "1008439"]
[BlackFideId "7105100"]
[WhiteElo "2527"]
[BlackElo "2699"]
[WhiteTeam "NED"]
[BlackTeam "INA"]
[WhiteClock "0:00:03"]
[BlackClock "0:00:18"]

1. d4 Nf6 2. Nf3 e6 3. g3 b5 4. Bg2 Bb7 5. O-O Be7 6. a4 b4 7. c3 O-O 8. Bg5 a5 9. c4 d6 10. Nbd2 Nbd7 11. Qc2 c5 12. dxc5 Nxc5 13. Nb3 Be4 14. Qd1 h6 15. Nxc5 dxc5 16. Bf4 Qb6 17. Ne5 Rfd8 18. Qc1 Qb7 19. f3 Bc6 20. e4 Be8 21. Qc2 b3 22. Qe2 Nd7 23. Nxd7 Bxd7 24. Be5 Bc6 25. Bc3 Qd7 26. Rfd1 Qe8 27. Qe1 Rxd1 28. Rxd1 Bd8 29. Qe3 Qe7 30. Be5 Bxa4 31. Bd6 Qb7 32. Bxc5 Rc8 33. Bd4 Be7 34. c5 e5 35. Bxe5 Bxc5 36. Bd4 Rd8 37. Bf1 Rxd4 38. Rxd4 Qb6 39. Rd8+ Kh7 0-1

[Event "January 2 Late 2024"]
[Site "https://www.chess.com"]
[Date "2024.01.02"]
[Round "5"]
[White "Nazari, Arad"]
[Black "Tao, Sihan"]
[Result "0-1"]
[Board "71"]
[TimeControl "180+1"]
[WhiteFideId "12577324"]
[BlackFideId "30982677"]
[WhiteElo "2694"]
[BlackElo "2510"]
[WhiteTeam "IRI"]
[BlackTeam "USA"]
[WhiteClock "0:00:01"]
[BlackClock "0:00:19"]

1. e4 c5 2. Nf3 d6 3. Bb5+ Bd7 4. Bxd7+ Nxd7 5. Qe2 Ngf6 6. O-O e6 7. c3 Be7 8. d4 O-O 9. Rd1 Qc7 10. Bg5 h6 11. Bh4 Rfe8 12. Na3 a6 13. Rac1 Rac8 14. h3 cxd4 15. Nxd4 Nc5 16. Bxf6 Bxf6 17. Nb3 Nxb3 18. axb3 d5 19. exd5 exd5 20. Qd2 Bg5 21. Qxd5 Bxc1 22. Rxc1 Rcd8 23. Qf3 Re6 24. Nc4 Qc6 25. Qg4 Qb5 26. Rd1 Ree8 27. Rxd8 Rxd8 28. b4 Qd7 29. Qf4 Qd1+ 30. Kh2 b5 31. Ne5 Qd6 32. Qxf7+ Kh7 33. f4 Qf6 34. Qxf6 gxf6 35. Nc6 Rd2 36. Nb8 Rxb2 37. Nxa6 Rb3 38. Nc7 Rxc3 39. Nxb5 Rc4 40. Kg3 Rxb4 41. Nd6 Kg6 42. Kf3 Rd4 43. Ne4 h5 44. g4 Rd3+ 45. Kg2 h4 46. f5+ Kg7 47. Nf2 Rg3+ 48. Kh2 Kf7 49. Ne4 Re3 50. Nf2 Ke7 51. Kg2 Kd6 52. Nd1 Rg3+ 53. Kh2 Ke5 54. Nf2 Kf4 55. Nd1 Kf3 56. Nc3 Rg2+ 57. Kh1 Rc2 58. Nd5 Kg3 59. Nxf6 Rc1# 0-1

[Event "January 2 Late 2024"]
[Site "https://www.chess.com"]
[Date "2024.01.02"]
[Round "5"]
[White "Manolache, Marius"]
[Black "Nielsen, Viktor Haarmark"]
[Result "1-0"]
[Board "72"]
[TimeControl "180+1"]
[WhiteFideId "1201530"]
[BlackFideId "1444492"]
[WhiteElo "2676"]
[BlackElo "2468"]
[WhiteTeam "ROU"]
[BlackTeam "DEN"]
[WhiteClock "0:01:30"]
[BlackClock "0:01:47"]

1. d4 Nf6 2. c4 e6 3. Nc3 d5 4. Bg5 dxc4 5. e3 h6 6. Bxf6 Qxf6 7. Nf3 c5 8. d5 Qd8 9. Bxc4 exd5 10. Bxd5 Nc6 11. Bxc6+ bxc6 12. Qxd8+ Kxd8 13. Ne5 Be6 14. Nxc6+ Kc7 15. Ne5 Be7 16. O-O-O Bf6 17. Nd5+ Kb7 18. Nxf6 gxf6 19. Nxf7 Rhg8 20. Rhg1 h5 21. Nd6+ Kc6 22. Ne4 Raf8 23. Rd6+ 1-0